AoeStats
← cmorehouse

Arabia

503752106Analyzed
3v3 RM · 29d ago on Sep 2, 2026· 14m 52s· 6 players
Game mode
Random Map
Map size
Normal (6 player)
Population
200
Speed
Normal
Resources
Standard
Victory
Conquest
Starting age
Dark Age
Ending age
Imperial Age
RankedLock teamsTeams togetherTeam positionsShared explorationLock speedFull tech treeHidden civsTurbo modeCheats
Victory
Defeat
🇺🇸 Georgians · United States
1259
+15
🇺🇸 Vikings · United States
1259
+15
🇺🇸 Ethiopians · United States
1210
+33
🇷🇺 Wei · Russia
1274
-17
🇹🇼 Franks · Taiwan
1221
-15
🇦🇹 Vietnamese · Austria
1207
-14
Bob
4:29 Loom
7:18 Loom
11:32 Feudal Age
SlopMasta
7:38 Loom
9:35 Feudal Age
10:17 Double-Bit Axe
10:12 Horse Collar
boomer2000
7:07 Loom
9:37 Feudal Age
10:25 Double-Bit Axe
10:25 Horse Collar
13:17 Wheelbarrow
cmorehouse
6:25 Loom
9:25 Feudal Age
9:31 Man-at-Arms
9:57 Double-Bit Axe
13:45 Fletching
MizD
6:42 Loom
8:59 Feudal Age
9:53 Double-Bit Axe
11:06 Horse Collar
kyles.jav
6:31 Loom
9:16 Feudal Age
9:29 Man-at-Arms
10:10 Double-Bit Axe
11:34 Horse Collar
Connection lost

Rejoining the realm…

Still unreachable

The connection could not be restored.

Session expired

The server has moved on; the page needs a fresh start.